 Dungeon Crawl Stone Soup version 0.29-a0-1027-gcd8c55af63 (webtiles) character file.

Game seed: 5171143268628173564

416 bladeefan the Trooper (level 6, 0/51 HPs)
             Began as a Demonspawn Chaos Knight on Aug 12, 2022.
             Was a Plaything of Xom.
             Succumbed to a scorpion's poison
             ... on level 3 of the Dungeon.
             The game lasted 00:07:25 (4464 turns).

bladeefan the Trooper (Demonspawn Chaos Knight)     Turns: 4464, Time: 00:07:27

Health: 0/51       AC:  6    Str: 12    XL:     6   Next: 60%
Magic:  6/6        EV:  3    Int: 13    God:    Xom [.*....]
Gold:   174        SH:  0    Dex: 13    Spells: 5/5 levels left

rFire   . . .      SeeInvis .   k - +0 war axe
rCold   . . .      Faith    .   (no shield)
rNeg    . . .      Spirit   .   l - +0 plate armour
rPois   .          Reflect  .   (helmet unavailable)
rElec   .          Harm     .   h - scarf {repulsion}
rCorr   .          Rampage  .   (no gloves)
Will    .....                   (no boots)
Stlth   ..........              (no amulet)
HPRegen 0.17/turn               (no ring)
MPRegen 0.10/turn               (no ring)

@: lethally poisoned (0 -> -14), repel missiles
A: hooves 1, horns 3, demonic magic 1, deformed body, deterioration 1, weak 1,
inability to drink while threatened 1
a: Renounce Religion


You were on level 3 of the Dungeon.
You worshipped Xom.
You were a plaything of Xom.
You visited 1 branch of the dungeon, and saw 4 of its levels.

You collected 174 gold pieces.

Inventory:

Hand Weapons
 k - a +0 war axe (weapon)
   (You took it off an orc on level 3 of the Dungeon)
Armour
 h - a scarf of repulsion (worn)
   (You found it on level 1 of the Dungeon)
 l - a +0 plate armour (worn)
   (You found it on level 4 of the Dungeon)
Magical Staves
 a - a staff of poison
   (Xom gifted it to you on level 3 of the Dungeon)
Jewellery
 e - an amulet of magic regeneration
   (You found it on level 3 of the Dungeon)
Wands
 v - a wand of digging (8)
   (You took it off Blork the orc on level 4 of the Dungeon)
Scrolls
 d - 7 scrolls of teleportation {@r4}
 g - a scroll of vulnerability {unknown}
 i - a scroll of fog
 j - a scroll of identify {unknown}
Potions
 b - a potion of invisibility {unknown}
 f - a potion of curing {@q1}
 m - 3 potions of lignification {unknown}
 o - a potion of mutation {unknown}
Miscellaneous
 c - a piece from Xom's chessboard (15/15) (quivered)


   Skills:
 * Level 5.2 Fighting
 + Level 3.9 Axes
 + Level 3.2 Armour
 + Level 2.8 Dodging


You had 5 spell levels left.
You didn't know any spells.
Your spell library contained the following spells:

 Spells                   Type           Power      Damage    Failure   Level
 Magic Dart               Conj           0%         1d3       100%        1
 Searing Ray              Conj           0%         2d4       100%        2
 Fulminant Prism          Conj/Hex       0%         3d6       100%        4


Dungeon Overview and Level Annotations

Branches:
Dungeon (4/15)
 Temple: D:4-7

Altars:
Ashenzari
Gozag
Makhleb
Okawaru
Trog

Shops:
D:2 [[([


Innate Abilities, Weirdness & Mutations

You have large cloven feet.
You have a pair of large horns on your head.
Spells you cast may paralyse adjacent enemies.
Armour fits poorly on your strangely shaped body.
Your body sometimes deteriorates upon taking damage.
You are weak. (Str -2)
You occasionally lose the ability to drink potions when taking damage.


Message History

Your butterfly disappears in a puff of smoke!
You feel sick. The hobgoblin misses your butterfly.
You feel sick.
You feel sick.
You feel sick.
The hobgoblin stops glowing.
The quokka bites you but does no damage.
The phantom closely misses your butterfly.
The quokka attacks as you move away!
The quokka bites you but does no damage.
You feel sick. The quokka misses your butterfly.
You feel sick.
You are no longer poisoned.
The quokka misses your butterfly. The scorpion attacks as you move away!
The scorpion stings you but does no damage.
The scorpion stings you but does no damage.
The quokka closely misses your butterfly.
The phantom completely misses your butterfly.
The hobgoblin hits your butterfly.
Your butterfly dies!
Your butterfly disappears in a puff of smoke!
The scorpion attacks as you move away!
The scorpion stings you but does no damage.
The quokka closely misses your butterfly.
The scorpion stings you.
* * * LOW HITPOINT WARNING * * *
The quokka completely misses your butterfly.
It was a potion of curing.
You feel better.
Xom thinks this is hilarious!
The scorpion stings you.
* * * LOW HITPOINT WARNING * * *
The scorpion attacks as you move away! The scorpion stings you.
* * * LOW HITPOINT WARNING * * *
You are lethally poisoned!
The scorpion poisons you!
* * * LOW HITPOINT WARNING * * *
You feel very sick.
You feel better. The scorpion barely misses you.
The quokka barely misses your butterfly.
The scorpion stings you.
* * * LOW HITPOINT WARNING * * *
There is a stone staircase leading up here.
The scorpion stings you.
* * * LOW HITPOINT WARNING * * *
You are lethally poisoned!
The scorpion poisons you!
The quokka twitches its whiskers.
You climb upwards.
You die...
Xom titters!

##(....#.#
####.[...##.#
.........##.######
.####............#
#รท...>.......<...#
..####...........#
### #...........#
##.......(...#
#...........@#
###.#.........s#
##...#......[...#
##..###..........#
...## #..........#
..## ############
..# ..# ..#


You could see a scorpion.

Vanquished Creatures
  Menkaure (D:4)
  Blork the orc (D:4)
  A necrophage (D:3)
  A hound (D:3)
  A gnoll (D:3)
  3 adders
  3 worms (D:2)
  3 dart slugs
  8 orcs
  8 endoplasms
  2 giant cockroaches
  3 goblins
  11 hobgoblins
  7 kobolds
  6 quokkas
  4 ball pythons
  2 bats
  3 frilled lizards
  2 rats (D:1)
70 creatures vanquished.

Vanquished Creatures (collateral kills)
  An orc (D:3)
1 creature vanquished.

Grand Total: 71 creatures vanquished

Notes
Turn   | Place    | Note
-------+----------+-------------------------------------------
     0 | D:1      | bladeefan the Demonspawn Chaos Knight began the quest for
                  | the Orb.
     0 | D:1      | Reached XP level 1. HP: 18/18 MP: 1/1
    67 | D:1      | Reached skill level 1 in Dodging
   120 | D:1      | XOM: divination: detect creatures
   442 | D:1      | Discovered your monstrous ancestry.
   442 | D:1      | Gained mutation: You have a pair of small horns on your
                  | head. [demonic ancestry]
   442 | D:1      | Reached XP level 2. HP: 20/24 MP: 2/2
   852 | D:2      | Found Bauso's Weapon Shoppe.
   871 | D:2      | Found Guwn's Armour Shoppe.
   884 | D:2      | Gained mutation: You have a pair of horns on your head.
                  | [demonic ancestry]
   884 | D:2      | Reached XP level 3. HP: 26/29 MP: 3/3
   963 | D:2      | Found Iluluzog's Antique Armour Boutique.
  1007 | D:2      | XOM: 2-stop teleportation journey
  1181 | D:2      | XOM: give mutations
  1181 | D:2      | Gained mutation: You occasionally lose the ability to drink
                  | potions when taking damage. [Xom's mischief]
  1181 | D:2      | Gained mutation: Your body sometimes deteriorates upon
                  | taking damage. [Xom's mischief]
  1181 | D:2      | Gained mutation: Armour fits poorly on your strangely
                  | shaped body. [Xom's mischief]
  1326 | D:2      | Found Obrew's Armour Shoppe.
  1482 | D:2      | XOM: summons 4 hostile shadow creatures
  1519 | D:2      | XOM: summons 4 hostile shadow creatures
  1897 | D:2      | Found a faded altar of an unknown god.
  2219 | D:2      | XOM: give mutations
  2219 | D:2      | Gained mutation: You are weak. (Str -2) [Xom's mischief]
  2219 | D:2      | Gained mutation: You are agile. (Dex +4, Str/Int -1) [Xom's
                  | mischief]
  2219 | D:2      | Gained mutation: You occasionally lose the ability to read
                  | scrolls when taking damage. [Xom's mischief]
  2401 | D:3      | Gained mutation: Spells you cast may paralyse adjacent
                  | enemies. [demonic ancestry]
  2401 | D:3      | Reached XP level 4. HP: 37/37 MP: 4/4
  2791 | D:3      | XOM: torment (20/37 hp)
  2834 | D:3      | XOM: give mutations
  2834 | D:3      | Lost mutation: You occasionally lose the ability to read
                  | scrolls when taking damage. [Xom's mischief]
  2834 | D:3      | Lost mutation: You are agile. (Dex +4, Str/Int -1) [Xom's
                  | mischief]
  2834 | D:3      | Gained mutation: You are dopey. (Int -2) [Xom's mischief]
  2834 | D:3      | Lost mutation: You are dopey. (Int -2) [Xom's mischief]
  2956 | D:4      | Noticed a necrophage
  2961 | D:4      | Noticed Blork the orc
  2963 | D:4      | XOM: enchant monster (bad)
  2964 | D:3      | XOM: blink monster(s)
  2980 | D:3      | Reached skill level 4 in Fighting
  3200 | D:3      | XOM: noise
  3292 | D:3      | XOM: polymorph orc -> gnoll
  3300 | D:3      | XOM: enchant monster (good)
  3302 | D:3      | XOM: summons 3 friendly demons
  3313 | D:3      | Killed a necrophage
  3314 | D:3      | Gained mutation: You have large cloven feet. [demonic
                  | ancestry]
  3314 | D:3      | Reached XP level 5. HP: 16/43 MP: 5/5
  3811 | D:4      | Killed Blork the orc
  3812 | D:4      | Gained mutation: You have a pair of large horns on your
                  | head. [demonic ancestry]
  3812 | D:4      | Reached XP level 6. HP: 19/50 MP: 6/6
  3919 | D:3      | XOM: god gift: staff of poison
  3972 | D:4      | XOM: cloud trail
  4079 | D:4      | XOM: 2-stop teleportation journey
  4122 | D:4      | XOM: god gift: 4 large rocks
  4175 | D:4      | Noticed Menkaure
  4175 | D:4      | XOM: enchant monster (good)
  4227 | D:4      | Killed Menkaure
  4228 | D:4      | Reached skill level 5 in Fighting
  4430 | D:4      | Found a bloodstained altar of Trog.
  4430 | D:4      | Found a burning altar of Makhleb.
  4430 | D:4      | Found a broken altar of Ashenzari.
  4430 | D:4      | Found an iron altar of Okawaru.
  4430 | D:4      | Found an opulent altar of Gozag.
  4430 | D:4      | XOM: 4-stop teleportation journey
  4442 | D:4      | XOM: fake destruction
  4445 | D:4      | XOM: scenery: summon butterflies
  4455 | D:4      | HP: 1/51 [scorpion (3)]
  4464 | D:3      | Succumbed to a scorpion's poison

Illustrated notes

Levels and vault maps discovered:
D:1:      minmay_arrival_checkered_box, layout_basic, lemuel_another_geyser
D:2:      layout_rooms, nicolae_ecumenical_oubliette, serial_shops,
          nicolae_shop_bloodbath_and_beyond, shop, nicolae_shop_hallway_stairs,
          nicolae_square_shop, mrwooster_statue_mirror,
          nicolae_elevator_lobby_asterisk
D:3:      layout_rooms
D:4:      layout_cave_pools, grunt_temple_overflow_open, uniq_menkaure,
          uniq_blork_the_orc

Skill      XL: |  1  2  3  4  5  6 |
---------------+-------------------+-----
Dodging        | 1 2 |  2.8
Armour         | 2 3 |  3.2
Axes           | 3 |  3.9
Fighting       | 4 5 |  5.2

Action                   |  1- 3 |  4- 6 || total
-------------------------+-------+-------++-------
Melee: Hand axe          |   114 |    21 ||   135
       Headbutt          |    14 |    10 ||    24
       War axe           |       |    48 ||    48
       Kick              |       |    12 ||    12
       Punch             |       |     1 ||     1
  Use: Scroll            |     8 |       ||     8
       Potion            |       |     3 ||     3
Armor: Leather armour    |     3 |       ||     3
       Scale mail        |    28 |    22 ||    50
       Plate armour      |       |    16 ||    16
Dodge: Dodged            |    61 |    52 ||   113
       Repelled          |       |     3 ||     3

Table legend: (Time is in decaauts)
 A = Elapsed time spent in this place.
 B = Non-inter-level travel time spent in this place.
 C = Inter-level travel time spent in this place.
 D = Time resting spent in this place.
 E = Time spent auto-exploring this place.
 F = Levels seen in this place.
 G = Mean time per level.
                   A        B        C        D        E       F      G
               +--------+--------+--------+--------+--------+-----+--------+
         Total |   4503 |   4248 |    255 |   1013 |   2550 |   4 | 1125.8 |
       Dungeon |   4503 |   4248 |    255 |   1013 |   2550 |   4 | 1125.8 |
               +--------+--------+--------+--------+--------+-----+--------+

Top non-repeatable levels by time:
     D:3: 1350 daAuts
     D:2: 1336 daAuts
     D:1: 1238 daAuts
     D:4: 578 daAuts
